 Dungeon Crawl Stone Soup version 0.29-a0-459-g97dee8cd24 (webtiles) character file.

Game seed: 1751227088438261265

520 hquester the Schismatic (level 7, 0/55 HPs)
             Began as a Demonspawn Abyssal Knight on May 20, 2022.
             Was an Elder of Lugonu.
             Slain by Duvessa
             ... wielding a +2 short sword of speed
              (8 damage)
             ... on level 4 of the Dungeon.
             The game lasted 00:11:35 (3910 turns).

hquester the Schismatic (Demonspawn Abyssal Knight) Turns: 3910, Time: 00:11:35

Health: 0/55       AC: 13    Str: 13    XL:     7   Next: 1%
Magic:  10/10      EV:  4    Int: 12    God:    Lugonu [****..]
Gold:   204        SH:  0    Dex: 15    Spells: 6/6 levels left

rFire   . . .      SeeInvis .   e - +2 dagger (vamp)
rCold   . . .      Faith    .   (no shield)
rNeg    . . .      Spirit   .   r - +0 plate armour
rPois   .          Reflect  .   (no helmet)
rElec   .          Harm     .   k - +0 cloak
rCorr   .          Rampage  .   m - +0 pair of gloves
Will    .....                   (no boots)
Stlth   ..........              (no amulet)
HPRegen 0.18/turn               (no ring)
MPRegen 0.24/turn               (no ring)

@: no status effects
A: spiny 1, magic regeneration, weakness stinger 1
a: Renounce Religion, Depart the Abyss, Bend Space, Banish, Corrupt


You were on level 4 of the Dungeon.
You worshipped Lugonu.
Lugonu was greatly pleased with you.
You visited 1 branch of the dungeon, and saw 5 of its levels.
You visited the Abyss 1 time.

You collected 204 gold pieces.

Inventory:

Hand Weapons
 a - a +1 short sword
 e - a +2 vampiric dagger (weapon)
Missiles
 q - a throwing net
Armour
 b - a +0 leather armour
 k - a +0 cloak (worn)
 m - a +0 pair of gloves (worn)
 p - a +0 scale mail
 r - a +0 plate armour (worn)
Jewellery
 s - a ring of protection from cold
Scrolls
 d - a scroll of enchant armour {unknown}
 g - a scroll of enchant weapon {unknown}
 i - a scroll of teleportation
 l - a scroll of fear {unknown}
 n - a scroll of poison
 o - a scroll of identify
Potions
 c - a potion of haste
 f - a potion of mutation {unknown}
 h - a potion of ambrosia {unknown}
 j - 3 potions of degeneration


   Skills:
 + Level 4.4 Fighting
 + Level 3.3 Short Blades
 + Level 3.4 Armour
 + Level 3.0 Dodging
 + Level 4.9 Invocations


You had 6 spell levels left.
You didn't know any spells.
Your spell library contained the following spells:

 Spells                   Type           Power      Damage    Failure   Level
 Confusing Touch          Hex            0%         N/A       100%        3
 Summon Guardian Golem    Hex/Summ       0%         N/A       100%        3
 Yara's Violent Unravell  Hex/Tmut       0%         3d3       100%        5
 Enfeeble                 Hex            0%         N/A       100%        7
 Orb of Destruction       Conj           0%         9d5       100%        7
 Spellforged Servitor     Conj/Summ      0%         N/A       100%        7


Dungeon Overview and Level Annotations

Branches:
Dungeon (5/15)
 Temple: D:4-7

Altars:
Fedhas
Gozag
Makhleb
Qazlal
Ru
Vehumet

Annotations:
D:4 Blork the orc, Dowan, Duvessa


Innate Abilities, Weirdness & Mutations

You are partially covered in sharp spines.
You regenerate magic rapidly.
You have a small tail.


Message History

Duvessa hits you with a +2 short sword of speed!
You hit Duvessa.
You feel better.
Duvessa is heavily wounded.
Duvessa is struck by your spines.
Duvessa hits you with a +2 short sword of speed. x2
You hit Duvessa.
Duvessa is severely wounded.
Duvessa hits you but does no damage.
You hit Duvessa but do no damage. You punch Duvessa, but do no damage.
Duvessa is severely wounded.
Duvessa completely misses you.
You hit Duvessa.
Duvessa is severely wounded.
Duvessa is struck by your spines. Duvessa hits you but does no damage.
You hit Duvessa.
You feel better.
Duvessa is almost dead.
Duvessa hits you but does no damage.
Duvessa hits you with a +2 short sword of speed!
You hit Duvessa but do no damage.
Duvessa is almost dead.
Duvessa hits you with a +2 short sword of speed!
You barely miss Duvessa.
Duvessa is almost dead.
Duvessa is struck by your spines. Duvessa hits you but does no damage.
You barely miss Duvessa.
Duvessa is almost dead.
Duvessa hits you with a +2 short sword of speed!
Blork the orc cheers repeatedly, in orcish tradition.
You hit Duvessa.
Duvessa is almost dead.
Duvessa hits you with a +2 short sword of speed.
Dowan says, "Magic and the sword, together, will defeat you."
Duvessa says, "When magic and the sword combine, nothing stands against them."
Duvessa is struck by your spines.
Duvessa hits you with a +2 short sword of speed!
* * * LOW HITPOINT WARNING * * *
You hit Duvessa but do no damage.
Duvessa is almost dead.
Duvessa hits you with a +2 short sword of speed!
You die...

##..##.##.#
##..#
##.##.##.#
##.#
#....##.#
#.#
#.#####.#
#.# #.# #.#
###.# #.#
#.# #...#
..# #.###
#.# #@# #e#
#oe....e.
#######.#


You could see Duvessa, Blork the orc and Dowan.

Vanquished Creatures
  Grinder (D:4)
  An ogre (D:4)
  A centaur (D:5)
  A scorpion (D:4)
  5 adders
  2 worms
  A dart slug (D:4)
  7 endoplasms
  A giant cockroach (D:1)
  6 goblins
  6 hobgoblins
  4 jackals (D:1)
  2 quokkas
  3 ball pythons
  4 bats
  A frilled lizard (D:2)
  9 kobolds
  4 rats
59 creatures vanquished.

Notes
Turn   | Place    | Note
-------+----------+-------------------------------------------
     0 | Abyss:1  | hquester the Demonspawn Abyssal Knight began the quest for
                  | the Orb.
     0 | Abyss:1  | Reached XP level 1. HP: 18/18 MP: 2/2
    11 | D:1      | Escaped the Abyss
   177 | D:1      | Reached skill level 1 in Dodging
   262 | D:1      | Gained mutation: You are partially covered in sharp spines.
                  | [demonic ancestry]
   262 | D:1      | Reached XP level 2. HP: 13/24 MP: 4/4
   667 | D:1      | Found a faded altar of an unknown god.
   753 | D:1      | Reached *** piety under Lugonu
   958 | D:1      | Reached XP level 3. HP: 29/29 MP: 5/5
  1593 | D:2      | Reached XP level 4. HP: 11/35 MP: 6/6
  2339 | D:3      | You fall into a shaft and drop 1 floor!
  2412 | D:4      | Found a stormy altar of Qazlal.
  2414 | D:4      | Found a blossoming altar of Fedhas.
  2474 | D:4      | Noticed an ogre
  2516 | D:5      | Entered Level 5 of the Dungeon
  2810 | D:5      | Found an opulent altar of Gozag.
  2813 | D:5      | Found a burning altar of Makhleb.
  2816 | D:5      | Found a sacrificial altar of Ru.
  2816 | D:5      | Noticed a centaur
  2829 | D:5      | Killed a centaur
  2830 | D:5      | Discovered your monstrous ancestry.
  2830 | D:5      | Gained mutation: You have a small tail. [demonic ancestry]
  2830 | D:5      | Reached XP level 5. HP: 22/42 MP: 7/7
  2974 | D:5      | Found a radiant altar of Vehumet.
  3081 | D:4      | Noticed Grinder
  3100 | D:4      | Paralysed by Grinder for 2 turns
  3102 | D:4      | HP: 1/42 [Grinder (6)]
  3121 | D:4      | Killed Grinder
  3122 | D:4      | Gained mutation: You regenerate magic rapidly. [demonic
                  | ancestry]
  3122 | D:4      | Reached XP level 6. HP: 15/48 MP: 7/9
  3620 | D:4      | Reached **** piety under Lugonu
  3621 | D:4      | Reached XP level 7. HP: 11/55 MP: 10/10
  3887 | D:4      | Noticed Duvessa
  3887 | D:4      | Noticed Dowan
  3896 | D:4      | Noticed Blork the orc
  3910 | D:4      | Slain by Duvessa

Illustrated notes

Levels and vault maps discovered:
D:1:      zaba_arrival_water, layout_basic, ebering_ecumenical_altar_box,
          minivault_11
D:2:      layout_basic, dk_noncrumbling_3, kennysheep_generic_room_9
D:3:      layout_basic, mainiacjoe_overflow_concentric_impassable, minmay_vboxes
D:4:      layout_loops_corners, grunt_temple_overflow_forces_of_nature,
          uniq_duvessa, uniq_blork_the_orc, uniq_grinder
D:5:      cheibrodos_barr_body, layout_gridville, nicolae_uskayaw_dance_hall,
          grunt_temple_overflow_cloverleaf

Skill      XL: |  1  2  3  4  5  6 |
---------------+-------------------+-----
Dodging        | 1 2 3 |  3.0
Short Blades   | 2 3 |  3.3
Armour         | 2 3 |  3.4
Invocations    | 3 4 |  4.9
Fighting       | 4 |  4.4

Action                   |  1- 3 |  4- 6 |  7- 9 || total
-------------------------+-------+-------+-------++-------
Melee: Short sword       |    95 |    17 |       ||   112
       Punch             |     1 |     1 |     2 ||     4
       Dagger            |       |    85 |    24 ||   109
       Tailslap          |       |     8 |     4 ||    12
  Use: Scroll            |       |     5 |       ||     5
       Potion            |       |     2 |     1 ||     3
 Stab: Sleeping          |     1 |       |       ||     1
Armor: Leather armour    |    32 |    17 |       ||    49
       Scale mail        |       |     7 |       ||     7
       Plate armour      |       |     7 |    17 ||    24
Dodge: Dodged            |    45 |    42 |     2 ||    89

Table legend: (Time is in decaauts)
 A = Elapsed time spent in this place.
 B = Non-inter-level travel time spent in this place.
 C = Inter-level travel time spent in this place.
 D = Time resting spent in this place.
 E = Time spent auto-exploring this place.
 F = Levels seen in this place.
 G = Mean time per level.
                   A        B        C        D        E       F      G
               +--------+--------+--------+--------+--------+-----+--------+
         Total |   3899 |   3847 |     52 |    399 |   2797 |   6 |  649.8 |
       Dungeon |   3888 |   3836 |     52 |    399 |   2795 |   5 |  777.6 |
         Abyss |     11 |     11 |      0 |      0 |      2 |   1 |   11.0 |
               +--------+--------+--------+--------+--------+-----+--------+

Top non-repeatable levels by time:
     D:1: 1068 daAuts
     D:4: 1052 daAuts
     D:2: 855 daAuts
     D:5: 502 daAuts
     D:3: 410 daAuts
 Abyss:1: 11 daAuts
